 Dungeon Crawl Stone Soup version 0.24-a0-235-g3f03afc (webtiles) character file.

Game seed: 18360660415387384780

103 TheOvate the Magician (level 4, -2/24 HPs)
             Began as a Deep Elf Wizard on Apr 7, 2019.
             Slain by Grinder (4 damage)
             ... while paralysed by Grinder
             ... on level 3 of the Dungeon.
             The game lasted 00:13:51 (2461 turns).

TheOvate the Magician (Deep Elf Wizard)             Turns: 2461, Time: 00:13:52

Health: -2/24      AC:  6    Str:  5    XL:     4   Next: 51%
Magic:  6/13       EV:  2    Int: 23    God:
Gold:   111        SH:  0    Dex: 13    Spells: 1/14 levels left

rFire    . . .     SeeInvis .   e - +0 whip
rCold    . . .     Gourm    +   (no shield)
rNeg     . . .     Faith    .   a - +0 robe
rPois    .         Spirit   .   r - +2 helmet
rElec    .         Reflect  .   h - +0 cloak (curse)
rCorr    .         Harm     .   (no gloves)
MR       .....                  (no boots)
Stlth    ++........             m - amulet of the gourmand
HPRegen  0.08/turn              (no ring)
MPRegen  0.13/turn              (no ring)

@: paralysed
A: no striking features
a: no special abilities


You were on level 3 of the Dungeon.
You were completely stuffed.

You visited 1 branch of the dungeon, and saw 3 of its levels.

You collected 111 gold pieces.

Inventory:

Hand Weapons
 e - a +0 whip (weapon)
Armour
 a - a +0 robe (worn)
 h - a cursed +0 cloak (worn)
 r - a +2 helmet (worn)
Jewellery
 m - an amulet of the gourmand (around neck)
 v - a +5 ring of evasion {unknown}
Scrolls
 k - a scroll of noise {unknown}
 n - 4 scrolls of identify {unknown}
 o - a scroll of immolation {unknown}
 p - a scroll of fog {unknown}
 q - a scroll of random uselessness {unknown}
 t - a scroll of remove curse {unknown}
Potions
 b - 2 potions of degeneration {unknown}
 c - a potion of agility {unknown}
 f - a potion of flight {unknown}
 g - a potion of brilliance {unknown}
 i - a potion of mutation {unknown}
 j - a potion of cancellation {unknown}
 l - a potion of lignification {unknown}
 s - a potion of heal wounds {unknown}
Comestibles
 d - 2 rations
 u - 2 chunks of flesh


   Skills:
 + Level 0.1 Maces & Flails
 - Level 3.2 Dodging
 - Level 2.6 Stealth
 - Level 5.5 Spellcasting
 + Level 3.1 Conjurations
 - Level 0.5 Hexes
 - Level 1.1 Summonings
 + Level 1.1 Translocations


You had one spell level left.
You knew the following spells:

 Your Spells              Type           Power        Failure   Level  Hunger
a - Magic Dart            Conj           ###.         2%          1    None
b - Blink                 Tloc           N/A          9%          2    None
c - Call Imp              Summ           ##......     9%          2    None
d - Slow                  Hex            #.......     11%         2    None
e - Conjure Flame         Conj/Fire      ##......     14%         3    ##.....
f - Mephitic Cloud        Conj/Pois/Air  ##......     17%         3    ##.....

Your spell library contained the following spells:

 Spells                   Type           Power        Failure   Level  Hunger


Dungeon Overview and Level Annotations

Branches:
Dungeon (3/15)

Altars:

Annotations:
D:3 Grinder


Message History

Press: ? - help, Shift-Dir - straight line, f/p - Grinder
Aim: Grinder (lightly wounded, fast)
The magic dart hits Grinder.
Grinder is moderately wounded.
Grinder blinks!
The goblin shoots a stone.
The stone hits you.
The goblin shoots a stone.
The stone closely misses you.
You see here a stone.
The goblin shoots a stone.
The stone barely misses you.
You see here a stone.
You see here a rat skeleton.
Grinder gestures at you.
You suddenly lose the ability to move!
Grinder hits you. Grinder hits you but does no damage. Grinder hits you.
You writhe in agony.
* * * LOW HITPOINT WARNING * * *
Grinder hits you.
* * * LOW HITPOINT WARNING * * *
You writhe in agony.
You die...

#..# #.# ##.###.. #..##.#
##.##.# ##(##.## #####
#.((.÷.# #.... #......###
#.#.# #........## #.#.#
#.....g5@.# #.#.#
#......#..# #.#.#
#......#..# #.#.#
#....>.#..# #>#.#
#......#..###########.#.#
##.#####................#
#.######.#############÷#
#........# #.# ##########
#.#


You could see Grinder and a goblin.

Vanquished Creatures
  Robin (D:1)
  2 oozes
  A worm (D:2)
  2 dart slugs (D:1)
  3 leopard geckos
  3 giant cockroaches
  12 goblins
  8 hobgoblins
  A jackal (D:1)
  10 kobolds
  2 ball pythons
  10 bats
  3 frilled lizards (D:1)
  12 rats
70 creatures vanquished.

Vanquished Creatures (collateral kills)
  A jackal (D:1)
  A quokka (D:2)
2 creatures vanquished.

Grand Total: 72 creatures vanquished

Notes
Turn   | Place    | Note
-------+----------+-------------------------------------------
     0 | D:1      | TheOvate the Deep Elf Wizard began the quest for the Orb.
     0 | D:1      | Reached XP level 1. HP: 10/10 MP: 7/7
   212 | D:1      | Reached XP level 2. HP: 12/15 MP: 6/9
   397 | D:1      | Reached skill level 5 in Spellcasting
   520 | D:1      | Learned a level 2 spell: Blink
   523 | D:1      | Learned a level 2 spell: Call Imp
   526 | D:1      | Learned a level 2 spell: Slow
   674 | D:1      | Reached XP level 3. HP: 19/19 MP: 5/11
  1088 | D:1      | Learned a level 3 spell: Conjure Flame
  1092 | D:1      | Learned a level 3 spell: Mephitic Cloud
  1484 | D:2      | Noticed Robin
  1574 | D:1      | Killed Robin
  1574 | D:1      | Reached XP level 4. HP: 24/24 MP: 0/13
  2424 | D:3      | Noticed Grinder
  2457 | D:3      | Paralysed by Grinder for 6 turns
  2461 | D:3      | Slain by Grinder

Levels and vault maps discovered:
D:1:      lightli_arrival_flooded_house, layout_basic, minmay_hedge_maze
D:2:      layout_loops_ring, uniq_robin
D:3:      layout_basic, hangedman_decor_clover_reticule, uniq_grinder

Skill      XL: |  1  2  3  4 |
---------------+-------------+-----
Dodging        | 3 |  3.2
Spellcasting   | 5 |  5.5
Conjurations   | 2 3 |  3.1
Maces & Flails | |  0.1
Stealth        | |  2.6
Hexes          | |  0.5
Summonings     | |  1.1
Translocations | |  1.1

Action                   |  1- 3 |  4- 6 || total
-------------------------+-------+-------++-------
Melee: Whip              |    40 |     1 ||    41
 Cast: Magic Dart        |   112 |    60 ||   172
       Slow              |     9 |     9 ||    18
       Call Imp          |     3 |       ||     3
  Eat: Chunk             |     3 |    12 ||    15
Armor: Robe              |    25 |     5 ||    30
Dodge: Dodged            |    57 |    11 ||    68

Table legend:
 A = Non-vault XP
 B = Vault XP
 C = Vault XP percentage of total XP
 D = Non-vault monster count
 E = Vault monster count
 F = Vault count percentage of total count
                 A         B        C        D         E       F
            +---------+---------+-------+---------+---------+-------
      Total |     112 |      36 |  24.3 |      61 |      11 |  15.3
            +---------+---------+-------+---------+---------+-------
        D:1 |      65 |      16 |  19.8 |      36 |       1 |   2.7
        D:2 |      33 |      20 |  37.7 |      18 |      10 |  35.7
        D:3 |      14 |       0 |   0.0 |       7 |       0 |   0.0
            +---------+---------+-------+---------+---------+-------
